 Dungeon Sprint DCSS version 0.30-a0-222-ge547ba4400 (webtiles) character file.

Game seed: 1139390917793847339

1431 rocky1 the Spear-Bearer (level 8, 0/79 HPs)
             Began as a Minotaur Fighter on Oct 9, 2022.
             Was an Initiate of Gozag.
             Slain by a boulder beetle (11 damage)
             ... in the Dungeon (Sprint II: "The Violet Keep of Menkaure").
             The game lasted 00:02:39 (512 turns).

rocky1 the Spear-Bearer (Minotaur Fighter)           Turns: 512, Time: 00:02:40

Health: 0/79       AC:  8    Str: 24    XL:     8   Next: 45%
Magic:  7/7        EV: 12    Int:  5    God:    Gozag
Gold:   972        SH:  6    Dex:  9    Spells: 7/7 levels left

rFire   . . .      SeeInvis .    a - +0 trident
rCold   . . .      Faith    .    c - +0 buckler
rNeg    . . .      Spirit   .    b - +0 scale mail
rPois   .          Reflect  .    (helmet restricted)
rElec   .          Harm     .    (no cloak)
rCorr   .          Rampage  .    (no gloves)
Will    .....      NoTele   +    (no boots)
Stlth   ..........               (no amulet)
HPRegen 0.33/turn                (no ring)
MPRegen 0.10/turn                (no ring)

@: gold aura, on berserk cooldown, slowed, very slow
A: horns 2, retaliatory headbutt
a: Renounce Religion, Potion Petition, Call Merchant, Bribe Branch


You were in the Dungeon.
You worshipped Gozag.
Gozag was pleased with you.
You visited 1 branch You collected 972 gold pieces.

Inventory:

Hand Weapons
 a - a +0 trident (weapon)
Armour
 b - a +0 scale mail (worn)
 c - a +0 buckler (worn)
Scrolls
 j - a scroll of blinking
Potions
 e - a potion of curing
 f - a potion of heal wounds
 g - a potion of haste
 h - 2 potions of magic


   Skills:
 - Level 9.9 Fighting
 * Level 12.4 Polearms
 - Level 10.0 Armour
 + Level 6.9 Dodging
 + Level 12.1 Shields


You had 7 spell levels left.
You didn't know any spells.
Your spell library was empty.

Dungeon Overview and Level Annotations

Branches:
Dungeon (1/1)

Altars:
Cheibriados
Dithmenos
Elyvilon
Fedhas
Gozag
Hepliaklqana
Kikubaaqudgha
Makhleb
Nemelex Xobeh
Okawaru
Qazlal
Ru
Sif Muna
Trog
Uskayaw
Vehumet
Wu Jian
Xom
Yredelemnul
Zin
The Shining One
Jiyva
Lugonu

Shops:
D !([[:=!((=![?:


Innate Abilities, Weirdness & Mutations

You have a pair of horns on your head.
You reflexively headbutt those who attack you in melee.


Message History

* * * LOW HITPOINT WARNING * * *
You hit the boulder beetle.
You headbutt the boulder beetle, but do no damage.
The boulder beetle is almost dead.
The boulder beetle misses you.
You hit the boulder beetle but do no damage.
The boulder beetle is almost dead.
The boulder beetle closely misses you.
You hit the boulder beetle but do no damage.
You headbutt the boulder beetle, but do no damage.
The boulder beetle is almost dead.
The boulder beetle leaps!
Reach: a) +0 trident
Press: ? - help, Dir - move target, f - boulder beetle
Aim: a boulder beetle (almost dead, about 9% to evade your +0 trident)
You reach to attack!
You hit the boulder beetle but do no damage.
The boulder beetle is almost dead.
The boulder beetle is distracted by your dazzling golden aura.
Reach: a) +0 trident
Press: ? - help, Dir - move target, f/p - boulder beetle
Aim: a boulder beetle (almost dead, unaware, hasn't noticed you, about 9% to evade your +0 trident)
You reach to attack!
You hit the boulder beetle.
The boulder beetle is no longer distracted by gold.
The boulder beetle is almost dead.
The boulder beetle bites you!
* * * LOW HITPOINT WARNING * * *
You hit the boulder beetle but do no damage.
You headbutt the boulder beetle!
The boulder beetle is almost dead.
The boulder beetle closely misses you.
You barely miss the boulder beetle.
The boulder beetle is almost dead.
You block the boulder beetle's attack.
You hit the boulder beetle.
You headbutt the boulder beetle, but do no damage.
The boulder beetle is almost dead.
The boulder beetle bites you!
You die...
Your body crumbles into a pile of gold.

$ $ #######~~~. ..∩.∩.#~~~ ## ##
$ ...∩..#~~~ ##. .##.#### .###
∩.∩...#~~ #..#..# ...# $ ^..#
.∩....#~~####...####..## #..#
∩.∩...#~##.###+###.##..#$ +..#
.∩.∩..#~##..##@##.#.#..# $#..#
..∩.∩.+~+.##'B<.'###+..####..##
...∩.∩#~##..##.##.#.#....###...
▓▓▓▓###~##.###'###.##......~~~~
$G######~~####$#.####~~.....~#'#
##~~~#.. ..#~~~~§~§..~#.. $
#'#~##$ .##~~~~~§~~§~#._ $
#(#~~## ##~~~≈§≈~§§~~#_. $ ###
~~~ ~~~~~~§§§§~~~#._


You could see a boulder beetle.

Vanquished Creatures
  A boulder beetle (D)
  2 wyverns (D)
  A water moccasin (D)
  4 necrophages (D)
  5 scorpions (D)
13 creatures vanquished.

Vanquished Creatures (others)
  Menkaure (D)
1 creature vanquished.

Grand Total: 14 creatures vanquished

Notes
Turn   | Place    | Note
-------+----------+-------------------------------------------
     0 | D        | rocky1 the Minotaur Fighter began the quest for the Orb.
     0 | D        | Reached XP level 1. HP: 19/19 MP: 0/0
     1 | D        | Noticed a necrophage
     1 | D        | Noticed a necrophage
     1 | D        | Noticed a necrophage
     1 | D        | Noticed a necrophage
     5 | D        | Killed a necrophage
     6 | D        | Reached XP level 2. HP: 19/30 MP: 1/1
     6 | D        | Reached XP level 3. HP: 24/37 MP: 2/2
     7 | D        | Killed a necrophage
     8 | D        | Reached XP level 4. HP: 31/47 MP: 3/3
    10 | D        | Killed a necrophage
    11 | D        | Reached XP level 5. HP: 36/53 MP: 4/4
    15 | D        | Reached skill level 5 in Polearms
    22 | D        | Noticed a wyvern
    22 | D        | Noticed a wyvern
    26 | D        | Killed a wyvern
    27 | D        | Reached skill level 10 in Armour
    27 | D        | Reached XP level 6. HP: 33/66 MP: 5/5
    29 | D        | Killed a wyvern
    30 | D        | Reached skill level 10 in Shields
    30 | D        | Reached XP level 7. HP: 10/71 MP: 6/6
   131 | D        | Killed Menkaure
   283 | D        | Found a hazy altar of Hepliaklqana.
   283 | D        | Found a snail-covered altar of Cheibriados.
   284 | D        | Found a stormy altar of Qazlal.
   284 | D        | Found a viscous altar of Jiyva.
   284 | D        | Found a shadowy altar of Dithmenos.
   285 | D        | Found a sacrificial altar of Ru.
   285 | D        | Found an ancient bone altar of Kikubaaqudgha.
   285 | D        | Found a white marble altar of Elyvilon.
   286 | D        | Found an ornate altar of the Wu Jian Council.
   286 | D        | Found a shimmering blue altar of Sif Muna.
   286 | D        | Found a corrupted altar of Lugonu.
   287 | D        | Found a shimmering altar of Xom.
   287 | D        | Found a bloodstained altar of Trog.
   287 | D        | Found a burning altar of Makhleb.
   288 | D        | Found a glowing golden altar of the Shining One.
   288 | D        | Found a basalt altar of Yredelemnul.
   288 | D        | Found a hide-covered altar of Uskayaw.
   290 | D        | Found a glowing silver altar of Zin.
   290 | D        | Found a radiant altar of Vehumet.
   290 | D        | Found a blossoming altar of Fedhas.
   290 | D        | Found a sparkling altar of Nemelex Xobeh.
   291 | D        | Found an opulent altar of Gozag.
   291 | D        | Found an iron altar of Okawaru.
   300 | D        | Became a worshipper of Gozag Ym Sagoz the Greedy
   349 | D        | Reached skill level 10 in Polearms
   446 | D        | Found Wamisuec's Book Shop.
   446 | D        | Found Coerinlaugy's Distillery.
   446 | D        | Found Kuilep's Jewellery Shop.
   446 | D        | Found Onte's Distillery.
   446 | D        | Found Adwufuot's Jewellery Shop.
   446 | D        | Found Baravaf's Weapon Shop.
   446 | D        | Found Asunlob's Book Boutique.
   447 | D        | Found Yrhihitt's Antique Armour Boutique.
   447 | D        | Found Fiotwyiq's Armour Shop.
   447 | D        | Found Neciz's Antique Armour Shop.
   448 | D        | Found Jecuimiyl's Antique Weapon Shop.
   448 | D        | Found Ruotin's Distillery.
   448 | D        | Noticed a shining eye
   449 | D        | Found Ivunkur's Magic Scroll Boutique.
   449 | D        | Found Zonin's Weapon Shop.
   459 | D        | Reached skill level 5 in Dodging
   478 | D        | Noticed a boulder beetle
   478 | D        | Noticed a boulder beetle
   489 | D        | Killed a boulder beetle
   490 | D        | Reached XP level 8. HP: 79/79 MP: 7/7
   512 | D        | Slain by a boulder beetle

Illustrated notes

Levels and vault maps discovered:
D:        the_violet_keep_of_menkaure [sprint2_stairs_cluster_1,
          sprint2_shoproom, sprint2_temple, sprint2_basic_supplies,
          sprint2_obstacle_4, sprint2_obstacle_5, sprint2_obstacle_7,
          sprint2_obstacle_6, sprint2_obstacle_3, sprint2_timed_cluster_1,
          sprint2_smallroom_cluster_1, sprint2_smallroom_final_cluster_1,
          sprint2_transparent_cluster_1, sprint2_second_timed_cluster_1,
          sprint2_sniper_area_1, sprint2_heavy_combat_area_1,
          sprint2_mutation_trap_area_1, sprint2_forest_area_1,
          sprint2_light_combat_area_1, sprint2_behind_water_1,
          sprint2_near_end_vault_1]

Skill      XL: |  1  2  3  4  5  6  7 |
---------------+----------------------+-----
Fighting       | 6 7 8 9 |  9.9
Polearms       | 3 4 6 7 12 | 12.4
Armour         | 6 7 8 10 | 10.0
Shields        | 6 7 8 9 10 12 | 12.1
Dodging        | 2 6 |  6.9

Action                   |  1- 3 |  4- 6 |  7- 9 || total
-------------------------+-------+-------+-------++-------
Melee: Trident           |     5 |    14 |    65 ||    84
       Headbutt          |     3 |     3 |    16 ||    22
  Use: Potion            |     1 |       |     1 ||     2
Armor: Scale mail        |       |     2 |     8 ||    10
Dodge: Dodged            |     2 |     6 |    21 ||    29
Block: Buckler           |       |     1 |     6 ||     7

Table legend: (Time is in decaauts)
 A = Elapsed time spent in this place.
 B = Non-inter-level travel time spent in this place.
 C = Inter-level travel time spent in this place.
 D = Time resting spent in this place.
 E = Time spent auto-exploring this place.
 F = Levels seen in this place.
 G = Mean time per level.
                   A        B        C        D        E       F      G
               +--------+--------+--------+--------+--------+-----+--------+
         Total |    515 |    515 |      0 |    319 |      0 |   1 |  515.0 |
       Dungeon |    515 |    515 |      0 |    319 |      0 |   1 |  515.0 |
               +--------+--------+--------+--------+--------+-----+--------+

Top non-repeatable levels by time:
       D: 515 daAuts
